 Dungeon Crawl Stone Soup version 0.32-a0-918-g0f22ef8d61 (webtiles) character file.

Game seed: 1661730564224075884

123 mopl the Slasher (level 5, -1/41 HPs)
             Began as a Merfolk Fighter on Apr 10, 2024.
             Killed from afar by an orc wizard (2 damage)
             ... with a puff of flame
             ... on level 4 of the Dungeon.
             The game lasted 00:02:17 (977 turns).

mopl the Slasher (Merfolk Fighter)                   Turns: 977, Time: 00:02:17

Health: -1/41      AC:  6    Str: 18    XL:     5   Next: 7%
Magic:  5/5        EV:  8    Int:  8    God:
Gold:   113        SH:  4    Dex: 13    Spells: 4/4 levels left

rFire   . . .        a - +0 long sword
rCold   . . .        c - +0 buckler
rNeg    . . .        b - +0 scale mail
rPois   .            (no helmet)
rElec   .            (no cloak)
rCorr   .            (no gloves)
SInv    .            (no boots)
Will    .....        (no amulet) Stlth
                     (no ring)
HPRegen 0.26/turn    (no ring)
MPRegen 0.09/turn

%: no passive effects
@: no status effects
A: (nimble swimmer 2), mertail
a: no special abilities


You were on level 4 of the Dungeon.
You visited 1 branch of the dungeon, and saw 3 of its levels.

You collected 113 gold pieces.

Inventory:

Hand Weapons
 a - a +0 long sword (weapon)
 m - a +0 dagger of venom
Missiles
 j - 2 javelins (quivered)
Armour
 b - a +0 scale mail (worn)
 c - a +0 buckler (worn)
Wands
 l - a wand of iceblast (5)
Scrolls
 e - a scroll of fear {unknown}
 f - a scroll of summoning {unknown}
 h - a scroll of blinking {unknown}
 i - a scroll of poison {unknown}
 k - a scroll of revelation {unknown}
Potions
 d - a potion of might
 g - a potion of resistance {unknown}


   Skills:
 - Level 3.2 Fighting
 + Level 6.1 Long Blades
 - Level 2.1 Armour
 - Level 3.0 Shields


You had 4 spell levels left.
You didn't know any spells.
Your spell library contained the following spells:

 Spells                   Type           Power      Damage    Failure   Level
 Summon Small Mammal      Summ           0%         N/A       87%         1
 Call Canine Familiar     Summ           0%         N/A       99%         3
 Summon Blazeheart Golem  Fire/Summ      0%         N/A       100%        4


Dungeon Overview and Level Annotations

Branches:
Dungeon (2/15)

Altars:

Shops:
D:1 [*=(


Innate Abilities, Weirdness & Mutations

((You are very nimble when in or above water. (Stealth+, EV+, Speed+++)))
Your lower body shifts to a powerful aquatic tail in water.


Message History

The orc wizard is almost dead.
An orc wizard comes into view. It is wielding a +0 dagger.
The orc wizard hits you but does no damage.
The hobgoblin barely misses you.
You slash the orc wizard!
You kill the orc wizard!
The hobgoblin hits you but does no damage.
Your Long Blades skill increases to level 6!
You have reached level 5!
You feel clever.
You hit the hobgoblin.
The hobgoblin is almost dead.
The orc completely misses you.
The hobgoblin hits you but does no damage.
You hit the hobgoblin.
You kill the hobgoblin!
The orc closely misses you.
You closely miss the hobgoblin.
The hobgoblin no longer looks unusually strong.
The orc hits you but does no damage. The hobgoblin hits you.
An orc comes into view. It is wielding a +0 flail.
You block the orc's attack. The hobgoblin barely misses you.
You slash the hobgoblin!
You kill the hobgoblin!
The orc completely misses you. The orc attacks as it pursues you!
The orc hits you with a +0 hand axe.
* * * LOW HITPOINT WARNING * * *
You see here a hobgoblin corpse.
The orc attacks as it pursues you! The orc hits you with a +0 hand axe.
* * * LOW HITPOINT WARNING * * *
Items here: ) [[ †.
Things that are here:
a +0 dagger of venom; a +0 robe; the elf corpse of Dowan
m - a +0 dagger of venom The orc suddenly curses, in orcish tradition.
The orc hits you with a +0 hand axe.
* * * LOW HITPOINT WARNING * * *
The orc wizard casts a spell at you. The puff of flame hits you.
You die...

#g#.. #.# ##
#g# #.#
#.#####
#.g.).#
#.###.# #
#>..#o#####.#
#.#.@[)oo)..#
#.###.#######
#.....#
#######


You could see an orc wizard and 2 orcs.

Vanquished Creatures
  Dowan (D:4)
  An orc wizard (D:4)
  Robin (D:4)
  A dart slug (D:1)
  2 ball pythons (D:1)
  2 endoplasms
  3 giant cockroaches
  7 goblins
  8 hobgoblins
  A quokka (D:2)
  2 bats (D:1)
  2 frilled lizards (D:1)
  2 kobolds (D:1)
  7 rats (D:1)
40 creatures vanquished.

Notes
Turn   | Place    | Note
-------+----------+-------------------------------------------
     0 | D:1      | mopl the Merfolk Fighter began the quest for the Orb.
     0 | D:1      | Reached XP level 1. HP: 18/18 MP: 1/1
    38 | D:1      | Found Puekueha's Assorted Antiques.
    92 | D:1      | Reached skill level 3 in Long Blades
   119 | D:1      | Reached XP level 2. HP: 23/24 MP: 2/2
   323 | D:1      | Reached skill level 4 in Long Blades
   347 | D:1      | Found Bumeusch's Jewellery Boutique.
   356 | D:1      | Reached XP level 3. HP: 27/29 MP: 3/3
   458 | D:1      | Found Sioxee's Weapon Boutique.
   598 | D:1      | Found Ysorykez's Antique Armour Shop.
   841 | D:2      | You fall into a shaft and drop 2 floors!
   901 | D:4      | Noticed Dowan
   902 | D:4      | Noticed Robin
   961 | D:4      | Killed Robin
   961 | D:4      | Killed Dowan
   962 | D:4      | Reached skill level 5 in Long Blades
   962 | D:4      | Reached XP level 4. HP: 11/35 MP: 4/4
   969 | D:4      | Reached skill level 6 in Long Blades
   969 | D:4      | Reached XP level 5. HP: 14/41 MP: 5/5
   977 | D:4      | HP: 1/41 [orc/+0 hand axe (4)]
   977 | D:4      | Killed from afar by an orc wizard

Illustrated notes

Levels and vault maps discovered:
D:1:      scummos_arrival_gate, layout_loops_ring, serial_shops,
          nicolae_shop_advertising_works [nicolae_subvault_shop_adworks],
          nicolae_shop_waterfront, nicolae_shop_peninsula, shop
D:2:      layout_basic, chequers_serial_rivers_marsh, minmay_unequal
D:4:      layout_loops_cross, gup_sewer_entry_glass, minmay_lizard_king,
          uniq_robin, uniq_natasha, uniq_duvessa, uniq_ijyb

Skill      XL: |  1  2  3  4 |
---------------+-------------+-----
Long Blades    | 3 4 5 6 |  6.1
Fighting       | |  3.2
Armour         | |  2.1
Shields        | |  3.0

Action                     |  1- 3 |  4- 6 || total
---------------------------+-------+-------++-------
  Melee: Long sword        |   118 |    11 ||   129
  Evoke: Wand              |     3 |       ||     3
 Armour: Scale mail        |    98 |    13 ||   111
  Dodge: Dodged            |    51 |     9 ||    60
  Block: Buckler           |    32 |     2 ||    34

Table legend: (Time is in decaauts)
 A = Elapsed time spent in this place.
 B = Non-inter-level travel time spent in this place.
 C = Inter-level travel time spent in this place.
 D = Time resting spent in this place.
 E = Time spent auto-exploring this place.
 F = Levels seen in this place.
 G = Mean time per level.
                   A        B        C        D        E       F      G
               +--------+--------+--------+--------+--------+-----+--------+
         Total |   1005 |    947 |     58 |      0 |    617 |   3 |  335.0 |
       Dungeon |   1005 |    947 |     58 |      0 |    617 |   3 |  335.0 |
               +--------+--------+--------+--------+--------+-----+--------+

Top non-repeatable levels by time:
     D:1: 748 daAuts
     D:4: 143 daAuts
     D:2: 112 daAuts
